 Dungeon Crawl Stone Soup version 0.19.4-8-ga85b6b9 (webtiles) character file.

99 dngmouse the Ruffian (level 4, -4/35 HPs)
             Began as a Minotaur Transmuter on Feb 12, 2017.
             Slain by Grinder (6 damage)
             ... on level 3 of the Dungeon.
             The game lasted 00:06:51 (2208 turns).

dngmouse the Ruffian (Minotaur Transmuter)          Turns: 2208, Time: 00:06:53

Health: -4/35      AC:  3    Str: 14    XL:     4   Next: 45%
Magic:  2/5        EV: 18    Int: 15    God:
Gold:   107        SH:  0    Dex: 20    Spells: 2 memorised, 2 levels left

rFire  . . .     SeeInvis +       - Unarmed
rCold  . . .     Gourm    .     b - +0 robe
rNeg   . . .     Faith    .     (no shield)
rPois  .         Spirit   .     x - +1 hat {SInv}
rElec  .         Reflect  .     (no cloak)
rCorr  .         Harm     .     (no gloves)
MR     .....                    (boots currently unavailable)
Stlth  +++.......               (no amulet)
                                (no ring)
                                p - +3 ring of dexterity

@: brilliant, agile, appendage, flying, very slightly contaminated, hasted, very
quick
A: retaliatory headbutt, horns 2, talons 3
a: End Transformation


You were on level 3 of the Dungeon.
You were hungry.
You had grown temporary talons.
You visited 1 branch of the dungeon, and saw 3 of its levels.

You collected 107 gold pieces.

Inventory:

Missiles
 a - 35 arrows
Armour
 b - a +0 robe (worn)
 x - a +1 hat of see invisible (worn)
Jewellery
 p - a +3 ring of dexterity (left hand)
Scrolls
 e - a scroll of remove curse {unknown}
 h - 3 scrolls of identify {unknown}
 i - a scroll of enchant weapon {unknown}
 k - a scroll of amnesia {unknown}
 m - 2 scrolls of recharging {unknown}
 r - a scroll of magic mapping {unknown}
 s - a scroll of teleportation {unknown}
 v - a scroll of fog {unknown}
Potions
 g - a potion of flight
 t - a potion of degeneration {unknown}
 u - a potion of cure mutation {unknown}
 w - a potion of magic {unknown}
 z - a potion of curing {unknown}
Books
 c - a book of Changes

   Spells                             Type                      Level
   a - Beastly Appendage              Transmutation                1
   b - Sticks to Snakes               Transmutation                2
   c - Spider Form                    Transmutation/Poison         3
   d - Ice Form                       Ice/Transmutation            4
   e - Blade Hands                    Transmutation                5
Comestibles
 d - 5 bread rations
 f - 6 chunks of flesh
 o - 8 fruits


   Skills:
 - Level 1.2 Fighting
 + Level 2.2 Dodging
 * Level 5.2 Unarmed Combat
 - Level 1.3 Spellcasting
 + Level 2.4 Transmutations


You had 2 spell levels left.
You knew the following spells:

 Your Spells              Type           Power        Failure   Level  Hunger
a - Beastly Appendage     Tmut           ###...       1%          1    ##.....
b - Sticks to Snakes      Tmut           ###.....     1%          2    ###....


Dungeon Overview and Level Annotations

Branches:
Dungeon (3/15)

Altars:
Elyvilon
Hepliaklqana
Nemelex Xobeh
Okawaru
Qazlal
The Shining One

Annotations:
D:3 Grinder


Innate Abilities, Weirdness & Mutations

You reflexively headbutt those who attack you in melee.
You have a pair of horns on your head.
You have claws for feet.


Message History

Casting: Beastly Appendage
Confirm with . or Enter, or press ? or * to list all spells.
You miscast Beastly Appendage.
Your hair momentarily turns into snakes!
You are feeling hungry.
Grinder says, "I used to sell toenails on the black market."
Grinder closely misses you. You furiously retaliate!
You headbutt Grinder.
Casting: Beastly Appendage
Confirm with . or Enter, or press ? or * to list all spells.
Your feet morph into talons.
Grinder hits you!
* * * LOW HITPOINT WARNING * * *
You writhe in agony.
* * * LOW HITPOINT WARNING * * *
It was a potion of brilliance.
You feel clever all of a sudden. Grinder completely misses you.
It was a potion of haste.
You feel yourself speed up. Grinder hits you.
* * * LOW HITPOINT WARNING * * *
You writhe in agony.
You die...

.. #.###.########.# #
#..#...........#
#.#.#########... #.#.#
#.## # # #[#.# ##.##
#.###. #.#.########....
......###.#.##....[.....
#.##............####..##
#......@5.......# #..#
#.#####.#######.# #..#
#.# #.####..# #.#
#.......# #.# #.#######
#.# #.# #.# #.# ## #.#
#.# #. #.# #.


You could see Grinder.

Vanquished Creatures
  4 adders (D:2)
  An ooze (D:2)
  A worm (D:2)
  2 dart slugs (D:1)
  3 leopard geckos
  4 orcs (D:3)
  A giant cockroach (D:1)
  3 goblins
  4 hobgoblins
  5 kobolds
  2 ball pythons
  10 bats
  2 frilled lizards (D:2)
  6 rats
48 creatures vanquished.

Notes
Turn   | Place    | Note
-------+----------+-------------------------------------------
     0 | D:1      | dngmouse the Minotaur Transmuter began the quest for the Orb.
     0 | D:1      | Reached XP level 1. HP: 16/16 MP: 1/1
   327 | D:1      | Reached XP level 2. HP: 23/23 MP: 0/3
   331 | D:1      | Learned a level 2 spell: Sticks to Snakes
   622 | D:1      | Reached skill level 4 in Unarmed Combat
   805 | D:2      | Found a glowing golden altar of the Shining One.
   879 | D:2      | Reached XP level 3. HP: 23/28 MP: 0/4
   972 | D:2      | Found a hazy altar of Hepliaklqana.
  1290 | D:2      | Reached skill level 5 in Unarmed Combat
  1290 | D:2      | Reached XP level 4. HP: 35/35 MP: 3/5
  1402 | D:2      | Found a white marble altar of Elyvilon.
  2053 | D:3      | Found an iron altar of Okawaru.
  2053 | D:3      | Found a sparkling altar of Nemelex Xobeh.
  2056 | D:3      | Found a stormy altar of Qazlal.
  2172 | D:3      | Found a stormy altar of Qazlal.
  2190 | D:3      | Noticed Grinder
  2195 | D:3      | Paralysed by Grinder for 7 turns
  2208 | D:3      | Slain by Grinder

Skill      XL: |  1  2  3 |
---------------+----------+-----
Unarmed Combat | 4 5 |  5.2
Transmutations | 2 |  2.4
Fighting       | |  1.2
Dodging        | |  2.2
Spellcasting   | |  1.3

Action                   |  1- 3 |  4- 6 || total
-------------------------+-------+-------++-------
Melee: Unarmed           |    60 |    36 ||    96
       Kick              |    12 |     6 ||    18
       Headbutt          |     8 |     3 ||    11
       Punch             |     1 |     2 ||     3
 Cast: Beastly Appendage |    21 |    12 ||    33
  Use: Potion            |       |     5 ||     5
 Stab: Sleeping          |     1 |     2 ||     3
  Eat: Chunk             |     2 |     3 ||     5
Armor: Robe              |     8 |     7 ||    15
Dodge: Dodged            |    39 |    23 ||    62
